 Dungeon Crawl Stone Soup version 0.17-a0-1838-g891d947 (webtiles) character file.

250 luca467 the Grave Robber (level 5, 0/35 HPs)
             Began as a Mummy Necromancer on Sept 15, 2015.
             Slain by a worker ant (5 damage)
             ... on level 5 of the Dungeon.
             The game lasted 00:21:22 (4070 turns).

luca467 the Grave Robber (Mummy Necromancer)        Turns: 4070, Time: 00:21:22

Health: 0/35       AC:  7    Str: 12    XL:     5   Next: 88%
Magic:  2/11       EV: 12    Int: 15    God:
Gold:   138        SH:  0    Dex: 12    Spells: 4 memorised, 3 levels left

rFire  x . .     SeeInvis .     i - +0 dagger (protect)
rCold  + . .     Clarity  .     o - +0 robe
rNeg   + + +     SustAt   .     (no shield)
rPois  ∞         Gourm    .     (no helmet)
rElec  .         Spirit   .     (no cloak)
rCorr  .         Warding  .     (no gloves)
rMut   .         Stasis   +     (no boots)
MR     .....                    f - amulet of stasis
Stlth  ++........               (no ring)
                                (no ring)

@: not resistant to hostile enchantments, unstealthy
A: no food or potions, fire vulnerability, cold resistance 1, negative energy
resistance 3, torment resistance, unbreathing
a: no special abilities


You were on level 5 of the Dungeon.
You were not hungry.

You visited 1 branch of the dungeon, and saw 6 of its levels.

You collected 138 gold pieces.

Inventory:

Hand weapons
 g - a +0 dagger
 i - a +0 dagger of protection (weapon)
Armour
 a - a +0 robe
 o - a +0 robe (worn)
Jewellery
 f - an amulet of stasis (around neck)
 l - an uncursed amulet of resist mutation
 p - an uncursed ring of ice
Scrolls
 d - a scroll of enchant armour {unknown}
 e - a scroll of amnesia
 h - a scroll of immolation {unknown}
 k - a scroll of fear {unknown}
 m - 2 scrolls of enchant weapon
 n - 2 scrolls of teleportation {unknown}
Books
 b - a book of Necromancy

   Spells                             Type                      Level
   a - Pain                           Necromancy                   1
   b - Animate Skeleton               Necromancy                   1
   c - Vampiric Draining              Necromancy                   3
   d - Regeneration                   Charms/Necromancy            3
   e - Animate Dead                   Necromancy                   4
   f - Control Undead                 Necromancy                   4
 j - a Necronomicon

   Spells                             Type                      Level
   a - Haunt                          Necromancy/Summoning         7
   b - Borgnjor's Revivification      Necromancy                   8
   c - Death's Door                   Charms/Necromancy            8
   d - Necromutation                  Transmutation/Necromancy     8


   Skills:
 + Level 2.7 Dodging
 - Level 1.5 Stealth
 * Level 4.3 Spellcasting
 + Level 5.0 Necromancy


You had 3 spell levels left.
You knew the following spells:

 Your Spells              Type           Power        Failure   Level  Hunger
a - Pain                  Necr           ###.         1%          1    N/A
b - Animate Dead          Necr           N/A          24%         4    N/A
c - Animate Skeleton      Necr           N/A          1%          1    N/A
d - Vampiric Draining     Necr           ###.......   10%         3    N/A

Dungeon Overview and Level Annotations

Branches:
Dungeon (6/15)
 Temple: D:4-7

Altars:
Cheibriados
Okawaru

Annotations:
D:2 Sigmund
D:3 Rayvis's ghost, average MiFi
D:4 Blork the orc


Innate Abilities, Weirdness & Mutations

You do not eat or drink.
Your flesh is vulnerable to fire.
You are immune to poison.
Your flesh is cold resistant.
You are immune to negative energy.
You are immune to unholy pain and torment.
You can survive without breathing.


Message History

The giant frog skeleton closely misses you.
There is a stone staircase leading down here.
Read which item? (? for menu, Esc to quit)
As you read the scroll labeled YQY HOFUXUPI, it crumbles to dust.
It is a scroll of recharging.
You aren't carrying any rechargeable items.
The adder closely misses you. The worker ant closely misses you.
The worker ant bites you. x2
* * * LOW HITPOINT WARNING * * *
The giant frog skeleton barely misses you.
The worker ant closely misses you. The adder bites you.
* * * LOW HITPOINT WARNING * * *
Read which item? (? for menu, Esc to quit)
As you read the scroll labeled DAMUEZIRRUZ, it crumbles to dust.
Forget which spell ([?*] list [ESC] exit)?
Forget which spell ([?*] list [ESC] exit)?
Okay, then.
It was a scroll of amnesia.
The worker ant barely misses you. The worker ant bites you.
You die...

#...≈...#
#.......#
#.......#####
##.....!....#
##<....####...
#.......# #
#.SY....#
#aSa....#
##@Zo..##
##a..## #####


You could see a sky beast, 3 worker ants, 2 adders, an orc and a giant frog
skeleton.

Vanquished Creatures
  A sky beast (D:5)
  An orc priest (D:4)
  7 adders
  An ooze (D:1)
  A worm (D:2)
  A giant gecko (D:4)
  4 orcs
  2 giant cockroaches
  6 hobgoblins
  11 jackals
  A quokka (D:4)
  2 ball pythons (D:2)
  10 bats
  2 giant newts
  8 goblins
  6 kobolds
  A quokka skeleton (D:4)
  7 rats
72 creatures vanquished.

Notes
Turn   | Place    | Note
--------------------------------------------------------------
     0 | D:1      | luca467 the Mummy Necromancer began the quest for the Orb.
     0 | D:1      | Reached XP level 1. HP: 13/13 MP: 3/3
   241 | D:1      | Reached XP level 2. HP: 19/19 MP: 1/5
  1272 | D:2      | Reached XP level 3. HP: 24/24 MP: 2/7
  1874 | D:2      | Found a snail-covered altar of Cheibriados.
  1875 | D:2      | Noticed Sigmund
  2013 | D:3      | Reached XP level 4. HP: 30/30 MP: 4/8
  2316 | D:3      | Noticed Rayvis's ghost (average MiFi)
  2584 | D:4      | Noticed Blork the orc
  2918 | D:3      | Found an iron altar of Okawaru.
  3156 | D:4      | Learned a level 4 spell: Animate Dead
  3170 | D:4      | Reached XP level 5. HP: 5/35 MP: 1/10
  3530 | D:4      | Learned a level 1 spell: Animate Skeleton
  3534 | D:4      | Learned a level 3 spell: Vampiric Draining
  3864 | D:5      | Entered Level 5 of the Dungeon
  3998 | D:6      | Noticed an orc warrior
  4000 | D:6      | Noticed a black bear
  4024 | D:5      | Noticed a sky beast
  4024 | D:5      | Noticed a sky beast
  4034 | D:5      | Killed a sky beast
  4034 | D:5      | Reached skill level 5 in Necromancy
  4070 | D:5      | Slain by a worker ant

Vault maps used:
D:1:      minmay_arrival_up_and_down
D:2:      lemuel_round_altar, uniq_sigmund
D:3:      grunt_temple_overflow_gold_and_silver, old_standard_altar,
          bloody_trog, gup_sewer_entry_pipe
D:4:      uniq_blork_the_orc
D:5:      nemelex_deck, first_bread, serial_bayou_pond_e,
          kennysheep_pointless_box, uniq_pikel
D:6:      tgw_xom, fiery_altar_vehumet, minmay_temple_entry_overgrown

Action                   |  1- 3 |  4- 6 || total
-------------------------+-------+-------++-------
Melee: Unarmed           |     6 |       ||     6
       Dagger            |    27 |    24 ||    51
 Cast: Pain              |    87 |    70 ||   157
       Animate Dead      |       |     2 ||     2
       Animate Skeleton  |       |     3 ||     3
  Use: Scroll            |     2 |     7 ||     9
